 Dungeon Crawl Stone Soup version 0.30-a0-743-gbfdf073431 (webtiles) character file.

Game seed: 15506343758595608500

1931354 Flugkiller the Sorcerer (level 23, 143/151 (153) HPs)
             Began as a Deep Elf Fire Elementalist on Feb 7, 2023.
             Was a High Priest of Ashenzari.
             Escaped with the Orb
             ... and 3 runes!
             The game lasted 01:00:23 (47571 turns).

Flugkiller the Sorcerer (DEFE)                     Turns: 47571, Time: 01:00:24

HP:   143/151 (153) AC: 16    Str:  5    XL:     23   Next: 55%
MP:   50/65         EV: 40    Int: 45    God:    Ashenzari [*****.]
Gold: 4612          SH:  9    Dex: 27    Spells: 34/76 levels left

rFire   + . .      SeeInvis +    Y - staff of cold (curse) {Elem, Range}
rCold   + . .      Faith    .    U - +2 buckler of Ashenzari's Pleiades {rElec Will+ Str-2 Int+9, Bglg, Cun} (curse)
rNeg    . . .      Spirit   .    B - +4 robe of Supernal Knowledge {rElec Dex+3, Cun, Self} (curse)
rPois   +          Reflect  .    e - +2 hat of Ashenzari's Doubts {Self, Range} (curse)
rElec   +          Harm     .    X - +1 cloak of Star-Bound Wisdom {Str+3 Dex+4, Evo, Elem} (curse)
rCorr   .          Rampage  +    H - +2 pair of gloves of Ashenzari's Secrets {Self, Evo} (curse)
Will    +++..      Clarity  +    F - +2 pair of boots of Ashenzari's Negligence {rampage, Comp, Elem} (curse)
Stlth   ++                       v - amulet of Cremastomancy {RegenMP rPois Regen+, Fort, Cun} (curse)
HPRegen 1.25/turn                g - ring of Aconniotz {rF+ MP+9 Int+6}
MPRegen 0.79/turn                V - ring of the Visionary Chagrin {rElec AC+4 Str-3 Dex+5 SInv, Comp, Self} (curse)

@: corroded, hasted, lightly drained, very quick
A: electricity resistance, evolution 1
0: Orb of Zot
}: 3/15 runes: serpentine, barnacled, silver
a: Renounce Religion, Curse Item, Shatter the Chains


You escaped.
You worshipped Ashenzari.
Ashenzari was extremely pleased with you.
You visited 9 branches of the dungeon, and saw 45 of its levels.
You also visited: Ossuary, Gauntlet and Ice Cave.

You collected 6113 gold pieces.
You spent 1501 gold pieces at shops.

Inventory:

Missiles
 D - 9 curare-tipped darts
 O - 8 throwing nets
Armour
 e - the cursed +2 hat of Ashenzari's Doubts (worn) {Self, Range}
   (You bought it in a shop on level 2 of the Orcish Mines)

   It has a curse which improves the following skills: Introspection: Fighting
   and Spellcasting.
   Ranged Combat: Ranged Weapons and Throwing.
 B - the cursed +4 robe of Supernal Knowledge (worn) {rElec Dex+3, Cun, Self}
   (You found it on level 3 of the Lair of Beasts)

   Dex:       It affects your dexterity (+3).
   rElec:     It insulates you from electricity.
   It has a curse which improves the following skills: Cunning: Dodging and
   Stealth.
   Introspection: Fighting and Spellcasting.
 F - the cursed +2 pair of boots of Ashenzari's Negligence (worn) {rampage, Comp, Elem}
   (You found it on level 6 of the Dungeon)

   It has a curse which improves the following skills: Companions: Summonings
   and Necromancy.
   Elements:  Fire Magic, Ice Magic, Air Magic and Earth Magic.
 H - the cursed +2 pair of gloves of Ashenzari's Secrets (worn) {Self, Evo}
   (You found it on level 5 of the Dungeon)

   It has a curse which improves the following skills: Introspection: Fighting
   and Spellcasting.
   Evocations: Evocations.
 U - the cursed +2 buckler of Ashenzari's Pleiades (worn) {rElec Will+ Str-2 Int+9, Bglg, Cun}
   (You acquired it on level 2 of the Shoals)

   Str:       It affects your strength (-2).
   Int:       It affects your intelligence (+9).
   rElec:     It insulates you from electricity.
   Will:      It increases your willpower.
   It has a curse which improves the following skills: Beguiling: Conjurations,
   Hexes and Translocations.
   Cunning:   Dodging and Stealth.
 X - the cursed +1 cloak of Star-Bound Wisdom (worn) {Str+3 Dex+4, Evo, Elem}
   (You found it in a Gauntlet)

   Str:       It affects your strength (+3).
   Dex:       It affects your dexterity (+4).
   It has a curse which improves the following skills: Evocations: Evocations.
   Elements:  Fire Magic, Ice Magic, Air Magic and Earth Magic.
Magical Staves
 Y - a cursed staff of cold (weapon) {Elem, Range}
   (You found it in a Gauntlet)
Jewellery
 f - the ring of Paranoia {rC+ EV+5}
   (You found it in a Gauntlet)

   [ring of evasion]

   EV:        It affects your evasion (+5).
   rC:        It protects you from cold.
 g - the ring of Aconniotz (left hand) {rF+ MP+9 Int+6}
   (You bought it in a shop on level 2 of the Orcish Mines)

   [ring of intelligence]

   Int:       It affects your intelligence (+6).
   rF:        It protects you from fire.
   MP:        It affects your magic capacity (+9).
 m - a ring of willpower
   (You found it on level 9 of the Dungeon)
 o - a ring of poison resistance
   (You found it on level 5 of the Vaults)
 v - the cursed amulet of Cremastomancy (around neck) {RegenMP rPois Regen+, Fort, Cun}
   (You found it on level 15 of the Dungeon)

   [amulet of magic regeneration]

   It increases your rate of magic regeneration.
   rPois:     It protects you from poison.
   Regen:     It increases your rate of health regeneration.
   It has a curse which improves the following skills: Fortitude: Armour and
   Shields.
   Cunning:   Dodging and Stealth.
 y - the ring of Huuduipi {Will+ AC+4 Str+2 Int-2}
   (You bought it in a shop on level 1 of the Depths)

   [ring of protection]

   AC:        It affects your AC (+4).
   Str:       It affects your strength (+2).
   Int:       It affects your intelligence (-2).
   Will:      It increases your willpower.
 G - a +6 ring of intelligence
   (You found it on level 1 of the Snake Pit)
 M - a ring of willpower
   (You found it on level 1 of the Vaults)
 V - the cursed ring of the Visionary Chagrin (right hand) {rElec AC+4 Str-3 Dex+5 SInv, Comp, Self}
   (You found it in a Gauntlet)

   [ring of protection]

   AC:        It affects your AC (+4).
   Str:       It affects your strength (-3).
   Dex:       It affects your dexterity (+5).
   rElec:     It insulates you from electricity.
   SInv:      It lets you see invisible.
   It has a curse which improves the following skills: Companions: Summonings
   and Necromancy.
   Introspection: Fighting and Spellcasting.
 Z - the ring "Kiufa" {rPois MP+9 Dex+6}
   (You took it off a merfolk siren on level 2 of the Shoals)

   [ring of magical power]

   Dex:       It affects your dexterity (+6).
   rPois:     It protects you from poison.
   MP:        It affects your magic capacity (+9).
Wands
 a - a wand of digging (11)
   (You found it on level 10 of the Dungeon)
 u - a wand of charming (16)
   (You took it off Ijyb on level 4 of the Dungeon)
 x - a wand of mindburst (11)
   (You found it on level 4 of the Lair of Beasts)
 E - a wand of roots (15)
   (You found it on level 5 of the Lair of Beasts)
 R - a wand of quicksilver (4)
   (You found it on level 10 of the Dungeon)
Scrolls
 c - 6 scrolls of vulnerability
 i - 2 scrolls of magic mapping
 k - 8 scrolls of immolation
 t - 16 scrolls of teleportation
 z - 3 scrolls of blinking
 I - 3 scrolls of silence
 J - 7 scrolls of fog
 K - a scroll of summoning
 Q - a scroll of fear
Potions
 b - 7 potions of magic
 d - 4 potions of might
 h - a potion of haste
 j - 5 potions of brilliance
 l - 6 potions of attraction
 n - 2 potions of resistance
 q - 21 potions of curing
 r - 4 potions of mutation
 s - a potion of invisibility
 w - 13 potions of heal wounds
 A - 7 potions of cancellation
 C - 6 potions of ambrosia
Miscellaneous
 p - a tin of tremorstones (2/2)
   (You found it on level 1 of the Vaults)
 N - a phial of floods
   (You found it on level 5 of the Lair of Beasts)
 P - a phantom mirror
   (You found it on level 4 of the Shoals)


   Skills:
 + Level 13.4(18.9) Fighting
 - Level 23.9(27) Dodging
 - Level 2.4(5.8) Stealth
 - Level 5.0(7.2) Shields
 - Level 24.0(27) Spellcasting
 - Level 12.7(15.0) Conjurations
 - Level 8.0 Transmutations
 - Level 9.0(13.5) Fire Magic
 - Level 23.8(27) Ice Magic
 - Level 9.5(14.0) Earth Magic
 - Level 12.7(16.1) Evocations


You had 34 spell levels left.
You knew the following spells:

 Your Spells              Type           Power      Damage    Failure   Level
a - Lehudib's Crystal Sp  Conj/Erth      56%        10d13     4%          8
c - Flame Wave            Conj/Fire      100%       2d21      0%          4
d - Ozocubu's Refrigerat  Ice            83%        4d25      0%          7
e - Polar Vortex          Ice            83%        N/A       1%          9
f - Hailstorm             Conj/Ice       100%       3d20      0%          3
g - Statue Form           Tmut/Erth      68%        N/A       1%          6
i - Irradiate             Conj/Tmut      52%        3d29      1%          5

Your spell library contained the following spells:

 Spells                   Type           Power      Damage    Failure   Level
 Foxfire                  Conj/Fire      100%       2x1d9     0%          1
 Freeze                   Ice            100%       1d10      0%          1
 Ensorcelled Hibernation  Hex/Ice        100%       N/A       0%          2
 Passwall                 Tmut/Erth      85%        N/A       0%          2
 Scorch                   Fire           100%       2d10      0%          2
 Frozen Ramparts          Ice            100%       1d16      0%          3
 Ozocubu's Armour         Ice            100%       N/A       0%          3
 Stone Arrow              Conj/Erth      100%       3d13      0%          3
 Sticky Flame             Conj/Fire      100%       2d11      0%          4
 Iskenderun's Battlesphe  Conj           100%       2d15      0%          5
 Apportation              Tloc           100%       N/A       1%          1
 Necrotise                Necr           100%       1d9       1%          1
 Summon Small Mammal      Summ           100%       N/A       1%          1
 Blink                    Tloc           100%       N/A       1%          2
 Cigotuvi's Dreadful Rot  Necr/Pois/Air  100%       N/A       1%          2
 Lesser Beckoning         Tloc           100%       N/A       1%          2
 Momentum Strike          Conj/Tloc      100%       3d10      1%          2
 Sublimation of Blood     Necr           59%        N/A       1%          2
 Call Canine Familiar     Summ           60%        N/A       1%          3
 Dazzling Flash           Conj/Hex       100%       N/A       1%          3
 Gell's Gravitas          Tloc           59%        N/A       1%          3
 Ignite Poison            Fire/Tmut/Pois 90%        N/A       1%          3
 Inner Flame              Hex/Fire       89%        N/A       1%          3
 Kindle Blastsparks       Fire/Tloc/Air  100%       2d18      1%          3
 Portal Projectile        Hex/Tloc       100%       N/A       1%          3
 Spider Form              Tmut/Pois      77%        N/A       1%          3
 Summon Guardian Golem    Hex/Summ       59%        N/A       1%          3
 Teleport Other           Tloc           59%        N/A       1%          3
 Tukima's Dance           Hex            58%        N/A       1%          3
 Animate Armour           Summ/Erth      100%       N/A       1%          4
 Fulminant Prism          Conj/Hex       46%        3d21      1%          4
 Iskenderun's Mystic Bla  Conj/Tloc      92%        2d18      1%          4
 Leda's Liquefaction      Hex/Erth       45%        N/A       1%          4
 Petrify                  Tmut/Erth      100%       N/A       1%          4
 Alistair's Intoxication  Tmut/Pois      51%        N/A       1%          5
 Blade Hands              Tmut           46%        N/A       1%          5
 Borgnjor's Vile Clutch   Necr/Erth      45%        N/A       1%          5
 Fireball                 Conj/Fire      56%        3d22      1%          5
 Freezing Cloud           Conj/Ice/Air   68%        6-21      1%          5
 Lee's Rapid Deconstruct  Erth           56%        3d26*     1%          5
 Yara's Violent Unravell  Hex/Tmut       39%        3d16      1%          5
 Iron Shot                Conj/Erth      56%        9d11      1%          6
 Simulacrum               Ice/Necr       67%        N/A       1%          6
 Starburst                Conj/Fire      56%        6d15      1%          6
 Anguish                  Hex/Necr       29%        N/A       2%          4
 Animate Dead             Necr           59%        N/A       2%          4
 Cause Fear               Hex            29%        N/A       2%          4
 Dispel Undead            Necr           59%        3d21      2%          4
 Manifold Assault         Tloc           59%        N/A       2%          4
 Olgreb's Toxic Radiance  Pois           57%        N/A       2%          4
 Passage of Golubria      Tloc           59%        N/A       2%          4
 Agony                    Necr           59%        N/A       6%          5
 Silence                  Hex/Air        30%        N/A       6%          5
 Summon Forest            Summ/Tloc      29%        N/A       6%          5
 Eringya's Noxious Bog    Tmut/Pois      38%        N/A       8%          6
 Death Channel            Necr           29%        N/A       34%         6
 Dispersal                Tloc           29%        N/A       36%         6
 Haunt                    Necr/Summ      30%        N/A       88%         7
 Discord                  Hex            29%        N/A       100%        8
 Disjunction              Tloc           29%        N/A       100%        8


Dungeon Overview and Level Annotations

Branches:
Dungeon (15/15)            Temple (1/1) D:5            Lair (5/5) D:8
 Shoals (4/4) Lair:2        Snake (4/4) Lair:2        Slime (0/5) Lair:4
    Orc (2/2) D:9             Elf (0/3) Orc:2        Vaults (5/5) D:13
  Crypt (0/3) Vaults:3     Depths (4/4) D:15            Zot (5/5) Depths:4
Ossuary (visited)           IceCv (visited)         Gauntlet (visited)

Altars:
Ashenzari
Fedhas
Gozag
Hepliaklqana
Kikubaaqudgha
Makhleb
Trog
Uskayaw
Vehumet
Wu Jian
Yredelemnul
Zin
Jiyva

Shops:
D:7 *   D:9 *   D:11 :   Orc:2 (==[   Shoals:3 *   Snake:3 !   Snake:4 *
Vaults:5 =!   Depths:1 [*[=

Portals:
Hell: Depths:1
Abyss: Lair:4
Ziggurat: Depths:1

Annotations:
D:3 1 runed translucent door
D:5 1 runed translucent door, Angani's ghost, novice MeFi
D:11 Absynth's ghost, journeyman MiFi
Lair:4 2 transporters, Rafuutu's ghost, journeyman DDFi
Vaults:2 2 runed translucent doors, Leeroy's ghost, adept VSWr
Zot:5 1 runed translucent door, mrw0lf's ghost, veteran MeFi


Innate Abilities, Weirdness & Mutations

You are resistant to electric shocks. (rElec)
You have hidden genetic potential.


Message History

The demonspawn blood saint completely misses you.
You kill the demonspawn blood saint!
The blizzard demon gestures at you. The bolt of cold misses you.
The demonspawn black sun completely misses you.
You miss the demonspawn black sun.
The demonspawn black sun is moderately wounded.
You kill the blizzard demon!
The winds around you start to calm down.
You float gracefully downwards.
The demonspawn black sun invokes the aid of Kikubaaqudgha against you.
The bolt of negative energy misses you.
You are engulfed in whirling frost.
The demonspawn black sun mumbles some strange prayers to Kikubaaqudgha.
The demonspawn black sun begins absorbing vital energies!
The demonspawn black sun hits you with a +0 demon blade!
You partially resist.
You feel drained. The winds around you calm down.
The demonspawn black sun hits you with a +0 demon blade!
You feel your attacks grow feeble.
A green death comes into view.
Casting: Polar Vortex (mildly dangerous; 1% risk of failure)
Confirm with . or Enter, or press ? or * to list all spells.
You erupt in a fountain of uncontrolled magic!
The demonspawn black sun is blasted with magical radiation!!!
You kill the demonspawn black sun!
You are very lightly contaminated with residual magic.
Casting: Irradiate (safe; 1% risk of failure)
Confirm with . or Enter, or press ? or * to list all spells.
Aiming: Lehudib's Crystal Spear (dangerous; 5% risk of failure)
Press: ? - help, Shift-Dir - straight line, f - green death
Aim: a green death (90% to hit)
The crystal spear hits the green death!!!
The green death is almost dead.
The green death gestures at you. The poison arrow hits you!
You partially resist.
Casting: Lehudib's Crystal Spear (dangerous; 5% risk of failure)
Confirm with . or Enter, or press ? or * to list all spells.
Aiming: Lehudib's Crystal Spear (dangerous; 5% risk of failure)
Press: ? - help, Shift-Dir - straight line, f/p - green death
Aim: a green death (almost dead, 90% to hit)
The crystal spear misses the green death.
The green death gestures at you. The poison arrow misses you.
Casting: Lehudib's Crystal Spear (dangerous; 5% risk of failure)
Confirm with . or Enter, or press ? or * to list all spells.
Aiming: Lehudib's Crystal Spear (dangerous; 5% risk of failure)
Press: ? - help, Shift-Dir - straight line, f/p - green death
Aim: a green death (almost dead, 90% to hit)
The crystal spear hits the green death!!!!
You kill the green death!
(D) Dungeon (T) Temple (L) Lair (A) Shoals (P) Snake Pit (M) Slime Pits (O) Orcish Mines (E) Elven Halls (V) Vaults (C) Crypt (U) Depths (H) Hell (Z) Zot
Where to? (Enter - D:1 @ (x,y), ? - help)
Your attacks no longer feel as feeble.
You sense a monster nearby.
Unknown command.
A lich comes into view.
The lich shouts!
There is a stone staircase leading down here.
Things that are here:
a +0 dagger; a +2 robe of cold resistance
Casting: Lehudib's Crystal Spear (dangerous; 5% risk of failure)
Confirm with . or Enter, or press ? or * to list all spells.
Aiming: Lehudib's Crystal Spear (dangerous; 5% risk of failure)
Press: ? - help, Shift-Dir - straight line, f - lich
Aim: a lich (83% to hit)
The crystal spear hits the lich!!!
The lich is severely damaged.
You block the lich's attack.
Apninu comes into view.
Press: ? - help, v - describe, . - travel
Here: Apninu The floor.
Unknown command.
You feel yourself speed up.
Your transformation is almost over.
The lich touches you.
You revert to your normal fleshy form.
The cursed +2 pair of gloves of Ashenzari's Secrets {Self, Evo} unmelds from your body.
The cursed +2 pair of boots of Ashenzari's Negligence {rampage, Comp, Elem} unmelds from your body.
The cursed +4 robe of Supernal Knowledge {rElec Dex+3, Cun, Self} unmelds from your body.
You feel ready to rampage towards enemies.
Apninu gestures at you. The bolt of acid hits you! The acid corrodes you!
A hellwing comes into view.
Unknown command.
Blink to where?
Press: ? - help, Dir - move target, p - lich
Okay, then.
A hell beast comes into view.
Blink to where?
Press: ? - help, Dir - move target
As you read the scroll of blinking, it crumbles to dust.
Your magical contamination has completely faded away.
There is a staircase leading out of the dungeon here.
Enter note: gg You have escaped!

....'...######## #.######..')...
....###############.######.##....
...## #..............##.###...
..## #..............##.# ##.. .##
#..####.#####..##.# ##. ##
#...........#..##.# ## #
#..#........#.....# # #
#..#........#..#### # ##
#######..#...@....#..# ##
.###....##..#........#..#### ##.
..##........#........#..##.# #..
........##..#...........##.# ##.
####....##..#####.####..##.# ## #
#....##..............##.###### #
#######..............##....... #
#####.################## # #.###
####


There were no monsters in sight!

Vanquished Creatures
  3 dread liches
  3 ancient liches
  2 orbs of fire (Zot:5)
  Bai Suzhen (Shoals:3)
  4 Killer Klowns
  Saint Roka (Vaults:3)
  A golden dragon (Vaults:5)
  Jory (Vaults:4)
  2 bone dragons (Depths:4)
  The ghost of Rivvoal the Blocker, an adept GnFi of Gozag (Shoals:3)
  9 tentacled monstrosities
  2 electric golems
  5 quicksilver dragons
  Jorgrun (Snake:2)
  4 titans (Vaults:5)
  17 Orb Guardians (Zot:5)
  Polyphemus (Shoals:4)
  7 death cobs
  5 sphinxes
  A tengu reaver (Vaults:5)
  8 shadow dragons
  Kirke (Shoals:3)
  11 storm dragons
  11 nagarajas
  An iron dragon (Vaults:5)
  A draconian monk (Depths:4)
  A draconian scorcher (Zot:3)
  Ilsuiw (Shoals:2)
  2 draconian knights
  The ghost of Lycimyik the Alchemist, an adept OpTm of the Shining One (D:14)
  3 fire giants
  A ghost moth (Zot:4)
  3 frost giants
  3 deep elf sorcerers (Vaults:5)
  A cacodemon (D:4)
  2 orc warlords
  23 vault wardens
  A ghoul (Vaults:3)
  A draconian stormcaller (Zot:3)
  2 draconian shifters (Zot:3)
  A reaper (Depths:1)
  26 very ugly things
  23 ironbound preservers
  3 draconian annihilators (Zot:3)
  A demonspawn blood saint (D:1)
  7 ironbound thunderhulks
  2 war gargoyles
  4 deep elf demonologists
  A demonspawn black sun (D:1)
  3 black draconians
  A red draconian (Zot:2)
  15 stone giants
  3 green draconians
  A vampire knight (Depths:3)
  A spark wasp (shapeshifter) (Vaults:5)
  5 dire elephants
  5 purple draconians
  4 white draconians
  3 yellow draconians
  9 ettins
  2 deep elf death magi
  2 crystal guardians
  A blizzard demon (D:1)
  9 merfolk impalers
  8 merfolk javelineers
  19 yaktaur captains
  An entropy weaver (Vaults:1)
  A green death (D:1)
  5 fire dragons
  A jiangshi (Vaults:3)
  A great orb of eyes (Vaults:2)
  A hell beast (Depths:4)
  32 vault guards
  3 catoblepae
  3 peacekeepers
  A spriggan air mage (Depths:1)
  2 ice dragons
  6 ironbound frosthearts
  2 caustic shrike simulacra (IceCv)
  7 merfolk avatars
  2 ogre magi
  3 hydras
  6 centaur warriors
  A rakshasa (D:14)
  2 satyrs
  A jorogumo (shapeshifter) (Vaults:5)
  6 two-headed ogres
  An alligator (Lair:4)
  12 anacondas
  6 merfolk aquamancers
  3 dancing weapons
  4 boulder beetles
  13 naga warriors
  14 death yaks
  An alligator snapping turtle (Shoals:2)
  8 tengu warriors
  A deep troll shaman (Lair:5)
  3 hell hogs
  12 naga sharpshooters
  5 spriggan berserkers
  8 shock serpents
  3 sun demons (Depths:1)
  4 soul eaters (Depths:1)
  A deep elf knight (D:14)
  7 hell knights
  4 spriggans (Depths:1)
  A deep troll (shapeshifter) (Vaults:5)
  8 skeletal warriors
  4 salamander mystics
  16 sea snakes
  2 sixfirhies (D:4)
  56 deep trolls
  2 orange crystal statues (IceCv)
  4 naga ritualists
  A tengu zombie (Vaults:2)
  4 wizards
  7 orc knights
  22 ironbound convokers
  12 lindwurms
  2 obsidian statues
  A glowing orange brain (Depths:1)
  A mana viper (shapeshifter) (Vaults:5)
  5 necromancers
  A phantasmal warrior (Vaults:5)
  6 mana vipers
  23 harpies
  2 large abominations (Gauntlet)
  2 orc sorcerers
  31 ugly things
  A human zombie (Vaults:2)
  8 cyclopes
  The ghost of derval the Summoner, a novice OpSu (D:6)
  A manticore (shapeshifter) (Vaults:5)
  16 manticores
  13 fauns
  5 guardian serpents
  12 salamanders
  2 torpor snails
  41 black mambas
  10 moths of wrath
  12 merfolk sirens
  16 naga magi
  15 vault sentinels
  A smoke demon (Depths:1)
  7 elephants
  An ice statue (D:14)
  A black mamba (shapeshifter) (D:15)
  A gargoyle (D:12)
  7 cane toads
  6 water nymphs
  Maggie (D:9)
  An elf skeleton (Vaults:3)
  46 yaktaurs
  10 freezing wraiths
  A rime drake (shapeshifter) (D:15)
  6 rime drakes
  4 komodo dragons
  An efreet (D:14)
  An anaconda simulacrum (IceCv)
  A golden dragon simulacrum (IceCv)
  3 kobold demonologists
  38 merfolk
  4 trolls
  5 polar bears
  8 wind drakes
  6 hornets
  A tarantella (Vaults:1)
  24 blink frogs
  16 dream sheep
  4 small abominations (Gauntlet)
  An ettin zombie (Vaults:3)
  An ettin skeleton (Vaults:3)
  A dire elephant simulacrum (IceCv)
  A deep troll zombie (Vaults:2)
  15 snapping turtles
  11 slime creatures
  A spriggan (shapeshifter) (D:14)
  A shadow (D:11)
  2 wraiths
  13 water elementals
  A wyvern (Lair:4)
  2 fire bats (Gauntlet)
  51 yaks
  A basilisk (Lair:4)
  2 humans
  8 hogs
  A neqoxec (Zot:2)
  Grum (D:9)
  4 steam dragons (Shoals:4)
  2 redbacks (Vaults:1)
  4 vampire mosquitoes
  Menkaure (D:6)
  A naga (shapeshifter) (Vaults:2)
  7 wargs
  43 nagas
  An acid dragon (D:9)
  A harpy simulacrum (IceCv)
  4 hydra simulacra (IceCv)
  17 water moccasins
  3 hell hounds (Gauntlet)
  A floating eye (Depths:3)
  2 black bears
  A black bear (shapeshifter) (Vaults:5)
  45 orc warriors
  2 ice beasts (D:8)
  3 ettin simulacra
  An alligator simulacrum (IceCv)
  8 ogres
  2 sky beasts
  27 wolves
  16 centaurs
  A phantom (D:5)
  11 bullfrogs
  10 kobold brigands
  A necrophage (D:7)
  4 scorpions
  3 water moccasin zombies (Ossuary)
  16 wights
  10 killer bees
  A human simulacrum (Vaults:2)
  A lindwurm simulacrum (IceCv)
  4 howler monkeys
  2 electric eels
  A jelly (D:5)
  3 hounds
  27 orc priests
  A gnoll bouda (D:8)
  A human skeleton (D:3)
  6 iguanas
  18 orc wizards
  Ijyb (D:4)
  2 mummies (Ossuary)
  7 gnolls
  8 adders
  An ufetubus (D:6)
  3 adder zombies (Ossuary)
  A worm (D:2)
  3 dart slugs
  84 orcs
  5 bats
  6 endoplasms
  A giant cockroach (D:1)
  3 gnoll zombies (Ossuary)
  6 goblins
  9 hobgoblins
  6 jackals
  A quokka (D:1)
  2 ball pythons
  3 frilled lizards
  A goblin zombie (D:3)
  7 hobgoblin zombies (Ossuary)
  27 kobolds
  8 kobold zombies (Ossuary)
  4 orc zombies (Ossuary)
  4 rats
  2 bushes
1712 creatures vanquished.

Vanquished Creatures (collateral kills)
  13 foxfires
13 creatures vanquished.

Vanquished Creatures (others)
  A tentacled monstrosity (Vaults:5)
  A death cob (Zot:5)
  2 yaktaurs
  A wind drake (Shoals:1)
  2 humans (Shoals:3)
  25 demonic plants (Gauntlet)
  762 foxfires
  62 fungi
  299 plants
  2 withered plants (D:5)
1157 creatures vanquished.

Grand Total: 2882 creatures vanquished

Notes
Turn   | Place    | Note
-------+----------+-------------------------------------------
     0 | D:1      | Flugkiller the Deep Elf Fire Elementalist began the quest
                  | for the Orb.
     0 | D:1      | Reached XP level 1. HP: 10/10 MP: 6/6
   332 | D:1      | Reached XP level 2. HP: 4/15 MP: 2/8
  1343 | D:2      | Learned a level 2 spell: Scorch
  1384 | D:2      | Reached XP level 3. HP: 19/19 MP: 3/10
  1523 | D:2      | Found a faded altar of an unknown god.
  1653 | D:2      | Reached skill level 4 in Spellcasting
  2163 | D:3      | Identified the amulet of Ceejam {Acrobat rPois rN+}
  2188 | D:3      | Found a runed translucent door.
  2188 | D:3      | Noticed a human
  2250 | D:3      | You fall into a shaft and drop 1 floor!
  2258 | D:4      | Identified the +4 quarterstaff of Due Proportion {flame,
                  | Fragile rCorr MP+9}
  2351 | D:4      | Noticed Ijyb
  2427 | D:4      | Reached XP level 4. HP: 18/24 MP: 12/12
  2634 | D:4      | Killed Ijyb
  2668 | D:4      | Reached XP level 5. HP: 28/28 MP: 14/14
  2769 | D:4      | Reached skill level 5 in Spellcasting
  3283 | D:3      | Found a bloodstained altar of Trog.
  3463 | D:3      | Found a basalt altar of Yredelemnul.
  3505 | D:3      | Found a glowing silver altar of Zin.
  3505 | D:3      | Found an opulent altar of Gozag.
  3880 | D:5      | Entered Level 5 of the Dungeon
  3895 | D:5      | Found a staircase to the Ecumenical Temple.
  3903 | D:5      | Reached skill level 1 in Fighting
  3903 | D:5      | Reached XP level 6. HP: 34/34 MP: 16/16
  3905 | Temple   | Entered the Ecumenical Temple
  3913 | Temple   | Became a worshipper of Ashenzari the Shackled
  3934 | D:5      | Found a sand-covered staircase.
  3935 | D:5      | Noticed a water moccasin
  3943 | D:5      | Killed a water moccasin
  3944 | D:5      | Reached skill level 6 in Spellcasting
  3983 | Ossuary  | Entered an ossuary
  4019 | Ossuary  | Reached skill level 7 in Spellcasting
  4189 | Ossuary  | Reached XP level 7. HP: 33/38 MP: 8/20
  4308 | Ossuary  | Reached skill level 8 in Spellcasting
  4396 | Ossuary  | Got the Directory of Ashes and Geomancy
  4606 | D:5      | Found a burning altar of Makhleb.
  4618 | D:5      | Reached skill level 9 in Spellcasting
  4739 | D:5      | Reached skill level 10 in Spellcasting
  4855 | D:5      | Reached * piety under Ashenzari
  4882 | D:5      | Found a runed translucent door.
  4883 | D:5      | Noticed Angani's ghost (novice MeFi)
  5329 | D:6      | Reached skill level 5 in Fire Magic
  5329 | D:6      | Reached XP level 8. HP: 45/45 MP: 24/24
  5341 | D:6      | Reached skill level 5 in Conjurations
  5521 | D:6      | Reached skill level 5 in Dodging
  5545 | D:6      | Reached ** piety under Ashenzari
  5554 | D:6      | Learned a level 4 spell: Flame Wave
  5664 | D:6      | Found a runed translucent gate.
  5665 | D:6      | Found a runed translucent gate.
  5665 | D:6      | Noticed derval's ghost (novice OpSu)
  5666 | D:6      | Found a runed translucent gate.
  5667 | D:6      | Identified the +7 chain mail "Neq At Buab" {+Blink rElec
                  | rCorr}
  5921 | D:6      | Noticed Menkaure
  5926 | D:6      | Killed Menkaure
  5935 | D:6      | Identified the +6 chain mail of Responsibility {Harm rC+
                  | rN+}
  6227 | D:6      | Killed derval's ghost
  6228 | D:6      | Reached XP level 9. HP: 43/50 MP: 16/26
  6647 | D:7      | Reached skill level 1 in Ice Magic
  6903 | D:7      | Reached skill level 5 in Ice Magic
  7248 | D:7      | Found Wublugis's Gadget Gallery.
  7769 | D:8      | Noticed a two-headed ogre
  7778 | D:8      | Killed a two-headed ogre
  7779 | D:8      | Reached XP level 10. HP: 55/56 MP: 21/27
  7934 | D:8      | Found a staircase to the Lair.
  7972 | D:8      | Found an ornate altar of the Wu Jian Council.
  8368 | D:8      | Reached skill level 10 in Ice Magic
  8929 | D:9      | Noticed Grum
  8929 | D:9      | Noticed a two-headed ogre
  8935 | D:9      | Killed a two-headed ogre
  8942 | D:9      | Killed Grum
  9139 | D:9      | Found Sulicry's Assorted Antiques.
  9141 | D:9      | Noticed Maggie
  9154 | D:9      | Learned a level 7 spell: Ozocubu's Refrigeration
  9157 | D:9      | Killed Maggie
  9158 | D:9      | Reached XP level 11. HP: 61/61 MP: 22/28
  9486 | D:9      | Found a staircase to the Orcish Mines.
  9644 | D:9      | Reached *** piety under Ashenzari
  9935 | D:10     | Entered Level 10 of the Dungeon
 10078 | D:10     | Noticed a brown ugly thing
 10237 | D:10     | Noticed a frost giant
 10321 | D:10     | Noticed a two-headed ogre
 10344 | D:10     | Killed a two-headed ogre
 10814 | D:10     | Noticed a tengu warrior
 10815 | D:10     | Noticed an ogre mage
 10896 | D:11     | Found an ornate altar of the Wu Jian Council.
 11093 | D:11     | Found Bast's Book Shop.
 11151 | D:11     | Found a runed translucent door.
 11152 | D:11     | Noticed Absynth's ghost (journeyman MiFi)
 11533 | Lair:1   | Entered Level 1 of the Lair of Beasts
 11582 | Lair:1   | Found a hide-covered altar of Uskayaw.
 11582 | Lair:1   | Found an ornate altar of the Wu Jian Council.
 11582 | Lair:1   | Noticed a boulder beetle
 11585 | Lair:1   | Identified Muaschyczu's Catalogue of the Friendly Crevasse
 11607 | Lair:1   | Killed a boulder beetle
 12386 | Lair:2   | Reached skill level 15 in Ice Magic
 12535 | Lair:2   | Found a staircase to the Snake Pit.
 12625 | Lair:2   | Reached XP level 12. HP: 70/70 MP: 29/29
 12758 | Lair:2   | Found a staircase to the Shoals.
 12956 | Lair:2   | Identified the +5 flail "Atsegupn" {venom, SInv}
 13242 | Lair:3   | Noticed an eight-headed hydra
 13247 | Lair:3   | Killed an eight-headed hydra
 13438 | Lair:3   | Reached **** piety under Ashenzari
 13443 | Lair:3   | Noticed an eight-headed hydra
 13448 | Lair:3   | Killed an eight-headed hydra
 14100 | Lair:3   | Reached skill level 11 in Spellcasting
 14186 | Lair:3   | Identified the +4 robe of Tofuithu {rElec Dex+3}
 14550 | Lair:4   | Reached skill level 12 in Spellcasting
 14749 | Lair:4   | Found a staircase to the Slime Pits.
 14749 | Lair:4   | Found a viscous altar of Jiyva.
 14769 | Lair:4   | Found a transporter.
 14790 | Lair:4   | Reached XP level 13. HP: 62/75 MP: 7/33
 15079 | Lair:4   | Found a one-way gate to the infinite horrors of the Abyss.
 15079 | Lair:4   | Noticed Rafuutu's ghost (journeyman DDFi)
 15553 | Lair:4   | Found a transporter.
 16511 | Lair:4   | Noticed a dire elephant
 16668 | Lair:4   | Killed a dire elephant
 16823 | Lair:4   | Found a transporter.
 16828 | Lair:4   | Found a transporter.
 16883 | Lair:4   | Found a viscous altar of Jiyva.
 16892 | Lair:4   | Found a staircase to the Slime Pits.
 17126 | Lair:4   | Found a one-way gate to the infinite horrors of the Abyss.
 17160 | Lair:5   | Entered Level 5 of the Lair of Beasts
 17709 | Lair:5   | Learned a level 9 spell: Polar Vortex
 18912 | Lair:5   | Reached XP level 14. HP: 80/80 MP: 28/34
 20920 | D:13     | Found a gate leading to a gauntlet.
 21077 | Gauntlet | Entered a Gauntlet
 21077 | Gauntlet | Found a transporter.
 21077 | Gauntlet | Found a transporter.
 21084 | Gauntlet | Found a transporter.
 21092 | Gauntlet | Found a transporter.
 21101 | Gauntlet | Identified the ring "Epepugad" {+Blink MP+9}
 21102 | Gauntlet | Found a transporter.
 21102 | Gauntlet | Found a transporter.
 21104 | Gauntlet | Identified the +1 cloak of Zezxuc {Str+3 Dex+4}
 21126 | Gauntlet | Found a transporter.
 21127 | Gauntlet | a jorogumo changed into a quicksilver ooze
 21127 | Gauntlet | Noticed a quicksilver ooze (glowing shapeshifter)
 21157 | Gauntlet | Found a transporter.
 21177 | Gauntlet | Identified the ring of Selot {rElec AC+4 Str-3 Dex+5 SInv}
 21178 | Gauntlet | Found a transporter.
 21212 | Gauntlet | Found a transporter.
 21229 | Gauntlet | Found a transporter.
 21237 | Gauntlet | Identified a scroll of acquirement
 21241 | Gauntlet | Found a transporter.
 21319 | Gauntlet | Found a transporter.
 21330 | Gauntlet | Found a transporter.
 21344 | Gauntlet | Found a transporter.
 21352 | Gauntlet | Identified the ring "Hicleadi" {Int+5 SInv}
 21357 | Gauntlet | Found a transporter.
 21629 | Gauntlet | Acquired 605 gold pieces
 21852 | Gauntlet | Identified the +3 kite shield of Impermeability {rN+ Dex+3}
 21852 | Gauntlet | Identified the ring of Paranoia {rC+ EV+5}
 22481 | D:13     | Found a gate to the Vaults.
 22485 | D:13     | Reached skill level 13 in Spellcasting
 23137 | D:14     | Found a frozen archway.
 23238 | IceCv    | Entered an ice cave
 23444 | IceCv    | Noticed a white very ugly thing
 23453 | IceCv    | Killed a white very ugly thing
 23454 | IceCv    | Reached skill level 14 in Spellcasting
 23608 | IceCv    | Learned a level 3 spell: Hailstorm
 23764 | IceCv    | Noticed a white very ugly thing
 23940 | IceCv    | Killed a white very ugly thing
 24150 | D:14     | Acquired 754 gold pieces
 24195 | D:14     | Reached XP level 15. HP: 75/86 MP: 26/38
 24403 | D:14     | Found a runed translucent door.
 24405 | D:14     | Noticed Lycimyik's ghost (adept OpTm)
 24618 | D:15     | Entered Level 15 of the Dungeon
 25005 | D:14     | Reached skill level 15 in Spellcasting
 25036 | D:14     | Found a hazy altar of Hepliaklqana.
 25313 | D:14     | Killed Lycimyik's ghost
 25517 | D:15     | Identified the +1 ring mail of Zufode {rN+ Str-3 Stlth+}
 25519 | D:15     | Identified the amulet of Fuzang {RegenMP rPois Regen+}
 26203 | D:15     | Found a staircase to the Depths.
 26208 | D:15     | Reached skill level 16 in Spellcasting
 26762 | Orc:1    | Entered Level 1 of the Orcish Mines
 26762 | Orc:1    | Found a radiant altar of Vehumet.
 26877 | Orc:2    | Entered Level 2 of the Orcish Mines
 26877 | Orc:2    | Found a staircase to the Elven Halls.
 27202 | Orc:2    | Reached skill level 17 in Spellcasting
 27824 | Orc:2    | Found Orha's Jewellery Shop.
 27824 | Orc:2    | Found Eduafeic's Jewellery Shoppe.
 27826 | Orc:2    | Found Xiwkockyn's Antique Armour Emporium.
 27828 | Orc:2    | Found Aqumit's Antique Weapon Boutique.
 27845 | Orc:2    | Bought an embroidered hat for 154 gold pieces
 27854 | Orc:2    | Bought the ring of Aconniotz {rF+ MP+9 Int+6} for 826 gold
                  | pieces
 28366 | Orc:1    | Reached skill level 5 in Fighting
 28848 | Shoals:1 | Entered Level 1 of the Shoals
 29340 | Shoals:1 | Reached XP level 16. HP: 69/93 MP: 10/42
 30045 | Shoals:2 | Reached skill level 10 in Dodging
 30212 | Shoals:2 | Found a runed translucent door.
 30499 | Shoals:2 | Reached skill level 18 in Spellcasting
 30724 | Shoals:2 | Noticed Ilsuiw
 30749 | Shoals:2 | Killed Ilsuiw
 30898 | Shoals:2 | Acquired the +2 buckler "Vekompaf" {rElec Will+ Str-2
                  | Int+9}
 31152 | Shoals:2 | Identified the ring "Kiufa" {rPois MP+9 Dex+6}
 31169 | Shoals:2 | Reached skill level 1 in Shields
 32534 | Shoals:3 | Identified the Omnibus of Cankerous Wounds
 32659 | Shoals:3 | Noticed Kirke
 32669 | Shoals:3 | Killed Kirke
 32770 | Shoals:3 | Noticed Bai Suzhen
 32781 | Shoals:3 | Killed Bai Suzhen
 32941 | Shoals:3 | Found a runed translucent gate.
 32941 | Shoals:3 | Found a runed translucent gate.
 32941 | Shoals:3 | Found a runed translucent gate.
 32942 | Shoals:3 | Found an opulent altar of Gozag.
 32942 | Shoals:3 | Noticed Rivvoal's ghost (adept GnFi)
 32943 | Shoals:3 | Found Pafasas's Assorted Antiques.
 33616 | Shoals:3 | Killed Rivvoal's ghost
 33657 | Shoals:4 | Entered Level 4 of the Shoals
 33657 | Shoals:4 | Identified the +3 trident "Teevedoi" {spect, Will+ Stlth+}
 33669 | Shoals:4 | Reached skill level 19 in Spellcasting
 33681 | Shoals:4 | Reached XP level 17. HP: 57/104 MP: 24/45
 33791 | Shoals:4 | Reached skill level 1 in Evocations
 33956 | Shoals:4 | Noticed Polyphemus
 33967 | Shoals:4 | Killed Polyphemus
 34079 | Shoals:4 | Identified the Encyclopedia of Arson and Bad Luck
 34446 | Shoals:4 | Got a barnacled rune of Zot
 34731 | Shoals:4 | Found the +2 cloak of the Thief {*Fog Slay-2 SInv Stlth+}
 34734 | Shoals:4 | Reached skill level 5 in Evocations
 34991 | Shoals:4 | Identified the +7 quarterstaff of the Growing Enemy {flame,
                  | Will+ Dex+3}
 35209 | Shoals:4 | Reached ***** piety under Ashenzari
 35311 | Snake:1  | Entered Level 1 of the Snake Pit
 35321 | Snake:1  | Reached skill level 5 in Shields
 36343 | Snake:2  | Reached skill level 20 in Spellcasting
 36593 | Snake:2  | Noticed Jorgrun
 36596 | Snake:2  | Killed Jorgrun
 36877 | Snake:3  | Found Reschu's Distillery.
 36883 | Snake:3  | Identified Daseciok's Exposition on Terra Firma
 37052 | Snake:3  | Bought a potion of heal wounds for 85 gold pieces
 37052 | Snake:3  | Bought a potion of heal wounds for 85 gold pieces
 37088 | Snake:3  | Learned a level 6 spell: Statue Form
 37230 | Snake:3  | Reached skill level 1 in Transmutations
 37230 | Snake:3  | Reached skill level 1 in Earth Magic
 37304 | Snake:3  | Reached XP level 18. HP: 112/112 MP: 13/48
 37636 | Snake:3  | Identified the ring of Cekuask {rC+ rN+}
 38014 | Snake:4  | Entered Level 4 of the Snake Pit
 38109 | Snake:4  | Identified the cursed +2 pair of gloves of Ashenzari's
                  | Secrets {Self, Evo} (You found it on level 5 of the
                  | Dungeon)
 38109 | Snake:4  | Identified the cursed +2 pair of boots of Ashenzari's
                  | Negligence {rampage, Comp, Elem} (You found it on level 6
                  | of the Dungeon)
 38134 | Snake:4  | Reached skill level 15 in Dodging
 38135 | Snake:4  | Reached skill level 21 in Spellcasting
 38166 | Snake:4  | Reached skill level 5 in Transmutations
 38166 | Snake:4  | Reached skill level 5 in Earth Magic
 38210 | Snake:4  | Got a serpentine rune of Zot
 38290 | Snake:4  | Found Rammog's Assorted Antiques.
 38325 | Snake:4  | Bought a scroll labelled JEBUORR SESASCH for 29 gold pieces
 38339 | Snake:4  | Bought a runed robe for 107 gold pieces
 39134 | Vaults:1 | Entered Level 1 of the Vaults
 39241 | Vaults:1 | Reached XP level 19. HP: 96/113 MP: 5/49
 39266 | Vaults:1 | Identified the +2 plate armour "Eggur" {Rampage rPois rF-
                  | Str+5}
 39629 | Vaults:1 | Reached skill level 22 in Spellcasting
 40692 | Vaults:2 | Reached skill level 23 in Spellcasting
 40760 | Vaults:2 | Found a large runed translucent door.
 40760 | Vaults:2 | Noticed Leeroy's ghost (adept VSWr)
 40761 | Vaults:2 | Found a large runed translucent door.
 41112 | Vaults:2 | Reached skill level 24 in Spellcasting
 41957 | Vaults:3 | Reached XP level 20. HP: 120/120 MP: 48/53
 42164 | Vaults:3 | Noticed Saint Roka
 42178 | Vaults:3 | Killed Saint Roka
 42672 | Vaults:3 | Found a staircase to the Crypt.
 43268 | Vaults:4 | Noticed Jory
 43274 | Vaults:4 | Killed Jory
 43406 | Vaults:4 | Identified the +11 giant club "Madouqee" {drain, Str+5
                  | Int+3}
 43457 | Vaults:4 | Identified the +1 ring mail of Devotion {Rampage Dex+2
                  | SInv}
 44215 | Depths:1 | Entered Level 1 of the Depths
 44421 | Vaults:5 | Entered Level 5 of the Vaults
 44426 | Vaults:5 | Noticed a golden dragon
 44429 | Vaults:5 | Noticed a dread lich
 44436 | Vaults:5 | Reached XP level 21. HP: 128/128 MP: 45/54
 44436 | Vaults:5 | Killed a golden dragon
 44437 | Vaults:5 | Killed a dread lich
 44663 | Vaults:5 | Identified the +6 battleaxe "Ucvept" {protect, *Noise rC+
                  | rN++ Dex+2}
 44898 | Vaults:5 | Reached skill level 10 in Evocations
 44914 | Vaults:5 | Found Job Imip's Distillery.
 44942 | Vaults:5 | Learned a level 8 spell: Lehudib's Crystal Spear
 45000 | Vaults:5 | Noticed an ancient lich
 45006 | Vaults:5 | Killed an ancient lich
 45077 | Vaults:5 | Identified the +2 long sword of Feeding Destruction {heavy,
                  | *Corrode rC+++ Str-2 Dex+6}
 45096 | Vaults:5 | Got a silver rune of Zot
 45467 | Vaults:5 | Identified the Folio of Igneous Stones
 45560 | Vaults:5 | Found Ufuanuj's Jewellery Shoppe.
 45831 | Depths:1 | Identified the +11 war axe "Beetlebane" {flame, *Rage Int+3
                  | Dex+6 Stlth+}
 45835 | Depths:1 | Reached XP level 22. HP: 135/135 MP: 53/55
 45846 | Depths:1 | Identified the +5 demon trident of Sous {pain, Contam rN+
                  | SInv}
 45847 | Depths:1 | Found a gateway to Hell.
 45974 | Depths:1 | Found a one-way gateway to a ziggurat.
 46056 | Depths:1 | Found Goucat's Jewellery Emporium.
 46056 | Depths:1 | Found Caph's Armour Shoppe.
 46057 | Depths:1 | Found Melis's Antique Armour Emporium.
 46061 | Depths:1 | Found Qoapoczuir's Assorted Antiques.
 46067 | Depths:1 | Bought a slimy lead ring for 215 gold pieces
 46067 | Depths:1 | Identified the ring of Huuduipi {Will+ AC+4 Str+2 Int-2}
                  | (You bought it in a shop on level 1 of the Depths)
 46345 | Depths:4 | Entered Level 4 of the Depths
 46407 | Depths:4 | Found a gate to the Realm of Zot.
 46410 | Depths:4 | Reached skill level 10 in Conjurations
 46418 | Zot:1    | Entered Level 1 of the Realm of Zot
 46560 | Zot:2    | Learned a level 5 spell: Irradiate
 46622 | Zot:4    | Noticed a Killer Klown
 46636 | Zot:4    | Killed a Killer Klown
 46742 | Zot:5    | Entered Level 5 of the Realm of Zot
 46771 | Zot:5    | Noticed an orb of fire
 46773 | Zot:5    | Gained mutation: Your magical capacity is low. (-10% MP)
                  | [an orb of fire]
 46774 | Zot:5    | Gained mutation: Your spells are a little easier to cast,
                  | but a little less powerful. [an orb of fire]
 46777 | Zot:5    | Gained mutation: You do not regenerate when monsters are
                  | visible. [an orb of fire]
 46779 | Zot:5    | Killed an orb of fire
 46780 | Zot:5    | Reached skill level 10 in Fighting
 46789 | Zot:5    | Lost mutation: Your magical capacity is low. (-10% MP)
                  | [potion of mutation]
 46789 | Zot:5    | Lost mutation: Your spells are a little easier to cast, but
                  | a little less powerful. [potion of mutation]
 46789 | Zot:5    | Gained mutation: You are weak. (Str -2) [potion of
                  | mutation]
 46855 | Zot:5    | Reached XP level 23. HP: 106/141 MP: 53/56
 46857 | Zot:5    | Noticed an orb of fire
 46865 | Zot:5    | Killed an orb of fire
 46933 | Zot:5    | Lost mutation: You do not regenerate when monsters are
                  | visible. [potion of mutation]
 46933 | Zot:5    | Lost mutation: You are weak. (Str -2) [potion of mutation]
 46933 | Zot:5    | Gained mutation: You have hidden genetic potential. [potion
                  | of mutation]
 46933 | Zot:5    | Gained mutation: You are resistant to electric shocks.
                  | (rElec) [potion of mutation]
 46967 | Zot:5    | Noticed a Killer Klown
 46967 | Zot:5    | Noticed an ancient lich
 46968 | Zot:5    | Noticed an ancient lich
 46969 | Zot:5    | Noticed a dread lich
 46970 | Zot:5    | Killed an ancient lich
 46972 | Zot:5    | Noticed a Killer Klown
 46973 | Zot:5    | Noticed a dread lich
 46974 | Zot:5    | Killed an ancient lich
 46974 | Zot:5    | Killed a Killer Klown
 46977 | Zot:5    | Killed a dread lich
 46978 | Zot:5    | Killed a dread lich
 46983 | Zot:5    | Noticed a Killer Klown
 46987 | Zot:5    | Killed a Killer Klown
 46989 | Zot:5    | Identified the cursed +2 hat of Ashenzari's Doubts {Self,
                  | Range} (You bought it in a shop on level 2 of the Orcish
                  | Mines)
 46989 | Zot:5    | Killed a Killer Klown
 47105 | Zot:5    | Noticed an orb of fire
 47110 | Zot:5    | Noticed an orb of fire
 47111 | Zot:5    | Noticed a dread lich
 47112 | Zot:5    | Got the Orb of Zot
 47123 | Zot:5    | Found a runed translucent door.
 47124 | Zot:5    | Noticed mrw0lf's ghost (veteran MeFi)
 47553 | D:1      | Noticed Apninu the pandemonium lord
 47570 | D:1      | gg
 47571 | D:$      | Escaped with the Orb!

Illustrated notes

....'...######## #.######..')...
....###############.######.##....
...## #..............##.###...
..## #..............##.# ##.. .##
#..####.#####..##.# ##. ##
#...........#..##.# ## #
#..#........#.....# # #
#..#........#..#### # ##
#######..#...@....#..# ##
.###....##..#........#..#### ##.
..##........#........#..##.# #..
........##..#...........##.# ##.
####....##..#####.####..##.# ## #
#....##..............##.###### #
#######..............##....... #
#####.################## # #.###
####


Turn 47570 on D:1: gg

Levels and vault maps discovered:
D:1:      lemuel_arrival_room, layout_loops_corners, dreamdust_princess_bridge
D:2:      layout_rooms, hellmonk_ecumenical_altar_blasted, minivault_5,
          minmay_misc_feat_nine_boxes, interstate_on_off
D:3:      layout_loops_ring, grunt_temple_overflow_gold_and_silver,
          dk_yredelemnul_ordeal, trog_hazing_becter
D:4:      layout_loops_cross, serial_rivers, chequers_serial_rivers_small_3,
          chequers_serial_rivers_small_3, chequers_serial_rivers_micro_b,
          chequers_serial_rivers_micro_b, corexii_item_surrounded_by_moat,
          uniq_ijyb
D:5:      layout_basic, mainiacjoe_overflow_tiny_flanked, temple_fountains,
          gammafunk_ghost_grave, enter_ossuary_1
D:6:      layout_gridville, biasface_ghost_orc_armoury, uniq_menkaure
D:7:      layout_layer_cave, nicolae_shop_gadgets
D:8:      layout_basic, mainiacjoe_overflow_alcove_4, lair_entry_dummy,
          grunt_livestock, kennysheep_pointless_box, solitary_fountain
D:9:      layout_irregular_city, orc_0_dummy, serial_shops,
          nicolae_shop_crystal, chequers_serial_rivers_room_a, st_stairs_8,
          uniq_grum, uniq_maggie
D:10:     layout_irregular_city, onia_ninara_dug_in_and_dangerous
D:11:     layout_roguey, hellmonk_ghost_happy_afterlife, serial_shops,
          nicolae_diamond_shop, nicolae_wu_jian_immortal_techniques
D:12:     layout_loops_ring, lightli_minifort
D:13:     nrook_guardian_serpent_snake_passage, layout_basic, erik_vaults_1,
          gauntlet_entry_generic
D:14:     layout_basic, portal_ice_cave_entry_ice_statue_one,
          gammafunk_ghost_grave, minmay_ruined_shrine
D:15:     grunt_enter_depths_snipers, layout_loops_cross
Temple:   nicolae_temple_bog_church
Lair:1:   layout_roguey, nzn_masters_of_martial_movement
Lair:2:   layout_regular_city, minmay_shoals_entry_centaurs,
          guppyfry_snake_entry_island
Lair:3:   layout_long_grid
Lair:4:   layout_cave_shapes, slime_entry_1, gammafunk_ghost_abyssal_escape,
          nicolae_lair_lakeside_cave, infiniplex_staircase_pool_2
Lair:5:   grunt_lair_end_beastmaster, layout_layer_cave, minmay_lair_drake_nest
Shoals:1: layout_shoals, nicolae_shoals_loop_pool
Shoals:2: layout_shoals, lightli_airlock, uniq_ilsuiw
Shoals:3: layout_shoals, ebering_ghost_gozag, uniq_bai_suzhen, uniq_kirke
Shoals:4: shoals_end_simple, layout_shoals, shoals_ilsuiw_ice,
          nicolae_shoals_drake_roost, uniq_polyphemus
Snake:1:  layout_onion
Snake:2:  layout_onion_interference, serial_bayou_shore_b, uniq_jorgrun
Snake:3:  layout_misc_corridors, st_stairs_9, nicolae_stop_n_shop_1,
          nicolae_snake_slithery_corners, lemuel_fruit_tree
Snake:4:  grunt_snake_rune_pools, layout_rooms, nicolae_snake_gridmaze_zigzag,
          minmay_shop_star
Orc:1:    layout_diamond_mine, basic_altar, minmay_orc_temple_a
Orc:2:    st_orc_rangers, layout_caves
Vaults:1: v_misc_16, nicolae_vaults_little_squares_6, v_misc_5,
          nicolae_vaults_fighting_squares, vaults_room_boxed, v_misc_2,
          nicolae_vaults_ring_of_whatevers, v_rooms_1, v_misc_24,
          hangedman_vaults_stretched_pinwheel, vaults_room_corners,
          layout_vaults_maze_bifur
Vaults:2: advil_vaults_ghost_guards, v_misc_24, v_misc_13, v_misc_28,
          nicolae_vaults_specimen_jars, nicolae_vaults_quadrants,
          vaults_dpeg_spiral, grunt_vaults_focal, v_misc_12, vaults_dpeg_doors,
          nicolae_vaults_mini_display_case, grunt_vaults_funnel, v_misc_5,
          ontoclasm_vaults_spin, ontoclasm_vaults_gateway,
          hangedman_vaults_stretched_pinwheel, layout_vaults_omnibox
Vaults:3: v_misc_16, hangedman_vaults_stretched_pinwheel,
          vaults_room_fancy_cross, minmay_crypt_entry_simple_box, v_misc_29,
          nicolae_vaults_twisting_passages, v_misc_11,
          nicolae_vaults_diagonal_hallway_8, vaults_room_pool,
          ontoclasm_vaults_fault, layout_vaults_chaotic_city, uniq_saint_roka
Vaults:4: nicolae_vaults_asterisk, v_misc_4, v_misc_22,
          nicolae_vaults_back_hallway, v_misc_10, vaults_room_stairs_pillars,
          hangedman_vaults_capsules, layout_vaults_omnigrid, uniq_jory
Vaults:5
Depths:1: layout_honeycomb, enter_ziggurat_d, hellmouth_3,
          hangedman_decor_points, kennysheep_vampire_church, minmay_shoptagon
Depths:2: minmay_open_boxes_in_corner, layout_gridlike,
          infiniplex_staircase_zigzag_4, pf_coc_iceberg,
          grunt_pan_entry_in_and_out, abyss_entry_flame_altar,
          minmay_shop_grove, nicolae_triple_integral, uniq_aizul
Depths:3: minmay_shoctagon, layout_cave_pools, muffindrake_ghost_dual_entry,
          serial_bayou_lagoon_a, grunt_hell_entry_dis_mu,
          nicolae_abyss_entry_one_way_or_another
Depths:4: evilmike_zot_entry_basic, layout_small_grid, hell_entry, tso_altar,
          nicolae_transporter_intersection
Zot:1:    layout_gridlike
Zot:2:    layout_basic
Zot:3:    layout_misc_corridors, hangedman_zot_spectrum, grunt_megastairs_5
Zot:4:    layout_onion_interference, st_stairs_14
Zot:5:    layout_cathedral_of_symmetry, ebering_ghost_reflecting_pool,
          hangedman_zot_diagonal_lockstep

Skill      XL: |  1  2  3  4  5  6  7  8  9 10 11 12 13 14 15 16 17 18 19 20 21 22 23 |
---------------+----------------------------------------------------------------------+-----
Conjurations   | 2 3 4 5 6 12 | 12.7
Spellcasting   | 4 5 7 10 12 14 17 19 20 21 24 | 24.0
Fire Magic     | 4 5 9 |  9.0
Fighting       | 1 2 3 4 5 7 9 10 13 | 13.4
Dodging        | 5 6 8 12 14 16 17 21 23 | 23.9
Ice Magic      | 7 12 15 17 20 22 23 | 23.8
Shields        | 3 5 |  5.0
Evocations     | 7 11 12 | 12.7
Transmutations | 1 7 8 |  8.0
Earth Magic    | 1 7 9 |  9.5
Stealth        | |  2.4

Action                     |  1- 3 |  4- 6 |  7- 9 | 10-12 | 13-15 | 16-18 | 19-21 | 22-24 || total
---------------------------+-------+-------+-------+-------+-------+-------+-------+-------++-------
  Melee: Unarmed           |     1 |       |       |       |       |       |       |       ||     1
         Quarterstaff      |       |    22 |     5 |    31 |     9 |       |       |       ||    67
         Staff             |       |       |       |       |    28 |    56 |    78 |    23 ||   185
         Punch             |       |       |       |       |     1 |       |       |       ||     1
   Cast: Foxfire           |   120 |   130 |   193 |    28 |    14 |       |       |       ||   485
         Flame Wave        |       |       |    20 |    75 |    14 |       |       |       ||   109
         Scorch            |       |       |     4 |     2 |       |       |       |       ||     6
         Ozocubu's Refrige |       |       |       |    66 |   317 |   300 |    23 |     2 ||   708
         Polar Vortex      |       |       |       |       |    25 |    42 |   121 |    52 ||   240
         Hailstorm         |       |       |       |       |    18 |     5 |       |       ||    23
         Statue Form       |       |       |       |       |       |     7 |    41 |    21 ||    69
         Lehudib's Crystal |       |       |       |       |       |       |     1 |    19 ||    20
         Irradiate         |       |       |       |       |       |       |       |     8 ||     8
 Invoke: Curse Item        |       |       |     2 |     3 |     3 |     4 |     2 |       ||    14
         Shatter the Chain |       |       |       |       |     3 |     1 |     1 |       ||     5
Ability: End Transformatio |       |       |       |       |       |       |       |     2 ||     2
  Evoke: Wand              |       |       |     1 |       |    12 |     7 |       |     6 ||    26
         Phial of floods   |       |       |       |       |     1 |     2 |       |       ||     3
         Tin of tremorston |       |       |       |       |       |       |       |     3 ||     3
         Phantom mirror    |       |       |       |       |       |       |       |     1 ||     1
    Use: Scroll            |     2 |     2 |     2 |     4 |     4 |     6 |     1 |     8 ||    29
         Potion            |       |     2 |     2 |     1 |     2 |     1 |       |    12 ||    20
   Stab: Sleeping          |       |       |       |     1 |       |       |       |       ||     1
         Distracted        |       |       |       |       |       |       |       |     1 ||     1
 Armour: Robe              |     3 |     6 |     3 |     5 |       |     6 |     9 |     1 ||    33
         Skin              |       |       |    21 |       |       |    31 |   168 |    88 ||   308
         Animal skin       |       |       |       |    17 |    42 |    10 |       |       ||    69
  Dodge: Dodged            |    28 |    67 |    81 |   245 |   395 |   358 |   684 |   356 ||  2214
  Block: Buckler           |       |       |       |       |       |   109 |   237 |   117 ||   463

Table legend: (Time is in decaauts)
 A = Elapsed time spent in this place.
 B = Non-inter-level travel time spent in this place.
 C = Inter-level travel time spent in this place.
 D = Time resting spent in this place.
 E = Time spent auto-exploring this place.
 F = Levels seen in this place.
 G = Mean time per level.
                   A        B        C        D        E       F      G
               +--------+--------+--------+--------+--------+-----+--------+
         Total |  49704 |  46463 |   3241 |  15542 |  22180 |  48 | 1035.5 |
       Dungeon |  17241 |  15724 |   1517 |   4068 |   9296 |  15 | 1149.4 |
        Temple |     16 |      9 |      7 |      0 |      0 |   1 |   16.0 |
          Lair |   8808 |   8416 |    392 |   3908 |   3485 |   5 | 1761.6 |
        Shoals |   6223 |   6016 |    207 |   3329 |   1678 |   4 | 1555.8 |
     Snake Pit |   3683 |   3506 |    177 |   1200 |   1559 |   4 |  920.8 |
  Orcish Mines |   1991 |   1892 |     99 |    576 |    981 |   2 |  995.5 |
        Vaults |   7651 |   7077 |    574 |   1013 |   4303 |   5 | 1530.2 |
        Depths |    860 |    725 |    135 |      0 |    408 |   4 |  215.0 |
           Zot |   1029 |    900 |    129 |    251 |     76 |   5 |  205.8 |
       Ossuary |    423 |    423 |      0 |    186 |     89 |   1 |  423.0 |
      Ice Cave |    907 |    907 |      0 |    710 |      4 |   1 |  907.0 |
      Gauntlet |    867 |    867 |      0 |    300 |    299 |   1 |  867.0 |
               +--------+--------+--------+--------+--------+-----+--------+

Top non-repeatable levels by time:
  Lair:4: 2388 daAuts
  Lair:5: 2318 daAuts
    D:15: 1893 daAuts
Vaults:2: 1888 daAuts
Shoals:2: 1872 daAuts
Shoals:3: 1787 daAuts
  Lair:2: 1752 daAuts
Shoals:4: 1563 daAuts
Vaults:1: 1533 daAuts
Vaults:3: 1524 daAuts
  Lair:3: 1459 daAuts
     D:9: 1426 daAuts
    D:13: 1409 daAuts
Vaults:4: 1383 daAuts
Vaults:5: 1321 daAuts
